 Dungeon Crawl Stone Soup version 0.31-a0-210-gccc998df9b (webtiles) character file.

Game seed: 10932892131213073641

7448 kae the Transmogrifier (level 10, -3/85 HPs)
             Began as a Yellow Draconian Transmuter on June 29, 2023.
             Was a Believer of Ru.
             Killed from afar by an electric eel (11 damage)
             ... with a bolt of electricity
             ... on level 10 of the Dungeon.
             The game lasted 00:10:26 (8743 turns).

kae the Transmogrifier (DrTm)                       Turns: 8743, Time: 00:10:26

Health: -3/85      AC: 13    Str: 13    XL:     10   Next: 93%
Magic:  20/21      EV: 10    Int: 18    God:    Ru [**....]
Gold:   1420       SH:  0    Dex: 11    Spells: 13/23 levels left

rFire   x .          .
                       - Unarmed
rCold   + + +        (shield currently unavailable)
rNeg    . . .        (body armour unavailable)
rPois   +            m - melded +0 hat
rElec   .            (cloak currently unavailable)
rCorr   .            (gloves currently unavailable)
SInv    .            (boots currently unavailable)
Will    .....        (no amulet)
Stlth   +            C - ring of protection from cold
HPRegen 0.34/turn    O - +4 ring of protection
MPRegen 0.17/turn

%: no passive effects
@: ice-form
A: freezing attack, amphibious, boosted hp, (spit acid), AC +7, large, unfitting
armour, (cold-blooded), inability to use devices, (acid resistance)
a: End Transformation, Renounce Religion


You were on level 10 of the Dungeon.
You worshipped Ru.
Ru was pleased with you.
You were a creature of crystalline ice.
You visited 2 branches of the dungeon, and saw 13 of its levels.

You collected 1420 gold pieces.


Innate Abilities, Weirdness & Mutations

You are a creature of crystalline ice.
You have a powerful freezing melee attack.
You are amphibious.
Your maximum health is increased.
Your armour is entirely melded.
You are incapable of wielding weapons or throwing items.
((You can spit globs of acid.))
((Your golden yellow scales are hard. (AC +7)))
You cannot fit into any form of body armour.
((You are cold-blooded and may be slowed by cold attacks.))
You cannot study or use magical devices.
((You are resistant to acid. (rCorr)))


   Skills:
 - Level 1.1 Fighting
 - Level 1.7 Dodging
 + Level 8.4 Unarmed Combat
 + Level 7.4 Spellcasting
 * Level 11.3 Transmutations
 - Level 6.0 Ice Magic
 - Level 2.0 Poison Magic


You had 13 spell levels left.
You knew the following spells:

 Your Spells              Type           Power      Damage    Failure   Level
a - Beastly Appendage     Tmut           94%        N/A       1%          1
b - Wereblood             Tmut           47%        N/A       1%          2
c - Spider Form           Tmut/Pois      30%        N/A       1%          3
d - Ice Form              Ice/Tmut       37%        N/A       3%          4

Your spell library contained the following spells:

 Spells                   Type           Power      Damage    Failure   Level
 Passwall                 Tmut/Erth      22%        N/A       1%          2
 Apportation              Tloc           12%        N/A       11%         1
 Necrotise                Necr           24%        1d5       11%         1
 Sandblast                Erth           12%        2d6       11%         1
 Summon Small Mammal      Summ           24%        N/A       11%         1
 Poisonous Vapours        Pois/Air       20%        N/A       11%         2
 Mephitic Cloud           Conj/Pois/Air  9%         N/A       24%         3
 Stone Arrow              Conj/Erth      12%        3d7       30%         3
 Passage of Golubria      Tloc           6%         N/A       71%         4
 Freezing Cloud           Conj/Ice/Air   6%         6-21      77%         5
 Silence                  Hex/Air        3%         N/A       96%         5
 Lehudib's Crystal Spear  Conj/Erth      3%         10d2      100%        8

Inventory:

Missiles
 c - 114 stones
 i - 12 poisoned darts
 j - 17 boomerangs
 o - 2 curare-tipped darts {=f}
 v - 3 datura-tipped darts
 K - a throwing net {=f!f}
Armour
 m - a +0 hat (melded)
   (You found it on level 2 of the Dungeon)
Magical Staves
 d - a staff of death {!a}
   (You found it on level 1 of the Dungeon)
 l - a staff of earth {!a}
   (You found it on level 2 of the Dungeon)
 p - a staff of poison {!a}
   (You found it on level 6 of the Dungeon)
 y - a staff of poison {!a}
   (You found it on level 7 of the Dungeon)
Jewellery
 C - a ring of protection from cold (left front paw)
   (You found it on level 1 of the Dungeon)
 F - a ring of protection from fire
   (You found it on level 4 of the Dungeon)
 N - a ring of positive energy
   (You found it on level 10 of the Dungeon)
 O - a +4 ring of protection (right front paw)
   (You found it on level 3 of the Dungeon)
Wands
 n - a wand of flame (48)
   (You found it on level 3 of the Dungeon)
 r - a wand of charming (25)
   (You found it on level 6 of the Dungeon)
 D - a wand of polymorph (5)
   (You found it on level 9 of the Dungeon)
 H - a wand of acid (5)
   (You found it on level 10 of the Dungeon)
Scrolls
 f - 4 scrolls of teleportation {@r4}
 s - 2 scrolls of fear
 u - a scroll of vulnerability {!r!r}
 w - a scroll of poison {!r}
 x - 4 scrolls of identify {@r1}
 z - a scroll of immolation {!r!r}
 B - a scroll of fog
 E - 2 scrolls of enchant armour {unknown}
 I - 2 scrolls of enchant weapon
Potions
 a - 2 potions of lignification {!q}
 b - 3 potions of might
 e - a potion of brilliance
 g - 2 potions of degeneration {!q}
 h - 2 potions of curing {@q1}
 k - 5 potions of heal wounds {@q2}
 q - 2 potions of cancellation
 t - a potion of mutation {!q}
 A - a potion of ambrosia {unknown}
 J - a potion of attraction {unknown}
Miscellaneous
 G - a phial of floods
   (You found it on level 11 of the Dungeon)

Dungeon Overview and Level Annotations

Branches:
Dungeon (12/15) Zot: 25991  Temple (1/1) D:4 Zot: 5773    Lair (0/5) D:11
    Orc (0/2) D:10

Altars:
Ashenzari
Cheibriados
Dithmenos
Elyvilon
Fedhas
Gozag
Hepliaklqana
Kikubaaqudgha
Makhleb
Nemelex Xobeh
Okawaru
Qazlal
Ru
Sif Muna
Trog
Uskayaw
Vehumet
Wu Jian
Xom
Yredelemnul
Zin
The Shining One

Annotations:
D:5 3 runed translucent doors, kae's ghost, novice DrTm

~♣♣~~~~≈~~~♣~#
~P~~≈≈~≈≈~~~~ ###
♣~P≈~≈≈≈≈≈~~♣♣...
♣~♣P≈≈≈≈≈~≈~~♣#.#
P~≈≈≈≈≈≈≈≈~~~~#.#
########
P~~≈≈≈≈≈≈≈~~~♣#.#
........
P♣≈≈≈≈S≈≈≈≈~♣♣#.#
.#####.#
♣P≈≈≈≈≈Y≈≈~P~~..#
.#
~~P≈≈≈≈≈~≈†~~♣###
.## ~P~≈≈≈≈≈≈P~~~♣
..# ~♣~~≈≈≈≈≈≈~~~#
#.# ♣~P≈≈~~≈~~~~#
..## ~~~~~≈≈~~~~~♣#
..P###
♣♣~♣PP~~~P~~~######
~..♣.#
PP~~~~~~~~~~......#
♣~P..♣#
#P♣P~~~~~~♣P#####.#


You could see an electric eel.


Message History

😨 HP[+2] MP[+1]
You regained 2 hp, and now have 34/85 hp.
Your mp is fully restored (21).
Unknown command.
You start resting.
Your transformation is almost over.
You warm up again.
Your +0 hat unmelds from your body. 😕 HP[+26]
You now have 71 max hp (-14).
You regained 26 hp, and now have 60/71 hp.
You start resting. 😎 HP[+11]
Your hp is fully restored (71).
Casting: Ice Form (dangerous; 3% risk of failure)
Confirm with . or Enter, or press ? or * to list all spells.
You turn into a creature of crystalline ice.
Your +0 hat melds into your body. 😎 HP[+14] MP[-4]
You now have 85 max hp (+14).
Your hp is fully restored (85).
You lost 4 mp, and now have 17/21 mp.
The electric eel shoots out a bolt of lightning at you!
The bolt of electricity misses you.
You enter the shallow water. 😎 MP[+1]
An electric eel comes into view.
The electric eel shoots out a bolt of lightning at you!
The bolt of electricity hits you!
You focus your inner power and blind the electric eel in retribution! 😕 HP[-12]
You take 12 damage, and now have 73/85 hp.
The electric eel shoots out a bolt of lightning at you!
The bolt of electricity hits you!
You hit the electric eel.
The electric eel seems to slow down.
You freeze the electric eel. 😕 HP[-8]
You take 8 damage, and now have 65/85 hp.
You catch the helpless electric eel completely off-guard!
You punch the electric eel!
The electric eel seems to slow down.
You freeze the electric eel.
You kill the electric eel!
The electric eel begins to attack, but is stunned by your conviction!
You hit the electric eel but do no damage.
The electric eel shoots out a bolt of lightning at you!
The bolt of electricity misses you.
The electric eel shoots out a bolt of lightning at you!
The bolt of electricity hits you! 😮 HP[-9]
You take 9 damage, and now have 56/85 hp.
You are too injured to fight recklessly!
You are too injured to fight recklessly!
You are too injured to fight recklessly!
You are too injured to fight recklessly!
You closely miss the electric eel.
The electric eel shoots out a bolt of lightning at you!
The bolt of electricity hits you!
The electric eel shoots out a bolt of lightning at you!
The bolt of electricity hits you! 😮 HP[-13] MP[+1]
You take 13 damage, and now have 43/85 hp.
You barely miss the electric eel.
Unknown command.
You punch the electric eel! You freeze the electric eel.
You closely miss the electric eel.
The electric eel shoots out a bolt of lightning at you!
The bolt of electricity hits you!
* * * LOW HITPOINT WARNING * * *
The bolt of electricity hits the plant!
The plant begins to die.
Unknown command. 😨 HP[-9]
You take 9 damage, and now have 34/85 hp.
The electric eel shoots out a bolt of lightning at you!
The bolt of electricity misses you.
The bolt of electricity hits the plant!
You punch the electric eel! You freeze the electric eel.
You kill the electric eel!
You hear a splash.
The electric eel shoots out a bolt of lightning at you!
The bolt of electricity hits you!
* * * LOW HITPOINT WARNING * * *
The bolt of electricity hits the plant! 😨 HP[-11]
You take 11 damage, and now have 23/85 hp.
Unknown command.
The electric eel shoots out a bolt of lightning at you!
The bolt of electricity hits you!
* * * LOW HITPOINT WARNING * * *
The bolt of electricity hits the plant! x2; The plant begins to die. 😱 HP[-9] MP[+1]
You take 9 damage, and now have 14/85 hp.
A nearby plant withers and dies.
The electric eel shoots out a bolt of lightning at you!
The bolt of electricity hits you!
* * * LOW HITPOINT WARNING * * *
😱 HP[-7]
You take 7 damage, and now have 7/85 hp.
Unknown command.
You closely miss the electric eel.
The electric eel shoots out a bolt of lightning at you!
The bolt of electricity hits you!
You die...

Skill      XL: |  1  2  3  4  5  6  7  8  9 10 |
---------------+-------------------------------+-----
Transmutations | 3 4 5 6 7 9 11 | 11.3
Poison Magic   | 2 |  2.0
Unarmed Combat | 4 5 7 8 |  8.4
Spellcasting   | 3 4 6 7 |  7.4
Ice Magic      | 1 3 5 6 |  6.0
Fighting       | |  1.1
Dodging        | |  1.7

Action                     |  1- 3 |  4- 6 |  7- 9 | 10-12 || total
---------------------------+-------+-------+-------+-------++-------
  Melee: Unarmed           |   124 |   128 |   266 |   135 ||   653
         Kick              |    19 |     5 |       |       ||    24
         Tailslap          |    11 |     3 |     6 |       ||    20
         Headbutt          |     5 |     4 |       |       ||     9
         Punch             |     3 |     1 |     2 |       ||     6
   Cast: Beastly Appendage |    23 |    10 |       |       ||    33
         Spider Form       |     1 |     7 |     5 |       ||    13
         Wereblood         |       |     3 |     6 |     7 ||    16
         Ice Form          |       |     1 |    27 |    12 ||    40
 Invoke: Sacrifice Artific |       |       |     1 |       ||     1
         Reject Sacrifices |       |       |     1 |       ||     1
Ability: Breathe Acid      |       |       |     6 |       ||     6
    Use: Scroll            |     4 |     9 |     9 |       ||    22
   Stab: Sleeping          |     1 |       |       |       ||     1
         Distracted        |       |       |     2 |       ||     2
         Invisible         |       |       |       |     1 ||     1
 Armour: Skin              |    41 |    41 |    79 |    63 ||   224
  Dodge: Dodged            |    93 |   109 |   142 |    47 ||   391

Levels and vault maps discovered:
D:1:      shiori_arrival_elements, layout_basic
D:2:      layout_basic
D:3:      layout_loops_ring, nicolae_elyvilon_temple_path, grunt_dithmenos_smoke
D:4:      kennysheep_slugbush, layout_basic, kennysheep_mini_moat,
          minmay_temple_entry_large_hall, uniq_robin, uniq_blork_the_orc
D:5:      layout_basic, minitemple, nicolae_yredelemnul_ghost_church,
          uniq_grinder, uniq_edmund, uniq_sigmund, uniq_prince_ribbit1
D:6:      layout_cave_pools, vehumet_altar_wand_db, uniq_eustachio
D:7:      layout_basic, lemuel_round_altar, amcnicky_mini_rare_corridor_liquid
D:8:      layout_basic, grunt_temple_overflow_order_and_chaos_2
D:9:      layout_long_grid, serial_shops, shop, minmay_misc_feat_x, uniq_erica
D:10:     layout_loops_ring, minmay_orc_entry_temple_small, serial_bayou,
          serial_bayou_pond_e, serial_bayou_pond_a, serial_bayou_lake_a,
          serial_bayou_pond_d, chequers_jeans
D:11:     layout_loops_corners, lair_entry_dummy, uniq_urug
D:12:     layout_cave_pools, special_room [special_room_bee],
          trove_entry_hex_spiral, grunt_ministairs_12
Temple:   bh_familiar_temple

Notes
Turn   | Place    | Note
-------+----------+-------------------------------------------
     0 | D:1      | kae the Draconian Transmuter began the quest for the Orb.
     0 | D:1      | Reached XP level 1. HP: 16/16 MP: 3/3
     0 | D:1      | magus.rc [v1.11.3]
   165 | D:1      | Reached XP level 2. HP: 22/23 MP: 3/5
   584 | D:1      | Learned a level 2 spell: Wereblood
   733 | D:2      | Reached XP level 3. HP: 28/28 MP: 4/6
   745 | D:2      | Learned a level 3 spell: Spider Form
   931 | D:2      | Reached skill level 3 in Transmutations
  1644 | D:3      | Found a shadowy altar of Dithmenos.
  1696 | D:3      | Reached XP level 4. HP: 35/35 MP: 5/7
  1833 | D:3      | Found a white marble altar of Elyvilon.
  2002 | D:3      | Reached skill level 1 in Poison Magic
  2279 | D:4      | Noticed a phantom
  2356 | D:4      | Killed a phantom
  2357 | D:4      | Reached skill level 2 in Poison Magic
  2357 | D:4      | Reached XP level 5. HP: 20/40 MP: 6/9
  2501 | D:4      | You pick up a book of Cantrips and begin reading...
  2501 | D:4      | You add the spells Necrotise, Summon Small Mammal and
                  | Apportation to your library.
  2534 | D:4      | Reached skill level 4 in Transmutations
  2539 | D:4      | Found a staircase to the Ecumenical Temple.
  2548 | Temple   | Entered the Ecumenical Temple
  2745 | Temple   | Became a worshipper of Ru the Awakened
  2817 | D:4      | Noticed Blork the orc
  2843 | D:4      | Killed Blork the orc
  2844 | D:4      | Reached skill level 4 in Unarmed Combat
  2844 | D:4      | Reached skill level 3 in Spellcasting
  2956 | D:4      | Noticed Robin
  2964 | D:4      | Reached XP level 6. HP: 47/47 MP: 2/10
  2972 | D:4      | Killed Robin
  3112 | D:4      | Found an opulent altar of Gozag.
  3177 | D:4      | Learned a level 4 spell: Ice Form
  3278 | D:4      | You pick up a book of Geomancy and begin reading...
  3278 | D:4      | You add the spells Sandblast, Passwall and Stone Arrow to
                  | your library.
  3373 | D:5      | Entered Level 5 of the Dungeon
  3375 | D:5      | Identified a scroll of acquirement
  3375 | D:5      | Acquired 859 gold pieces
  3385 | D:5      | Noticed Sigmund
  3403 | D:5      | Killed Sigmund
  3404 | D:5      | Reached skill level 5 in Transmutations
  3404 | D:5      | Reached skill level 1 in Ice Magic
  3404 | D:5      | Your scales start taking on a golden yellow colour.
  3404 | D:5      | Reached XP level 7. HP: 48/52 MP: 6/12
  3404 | D:5      | Gained mutation: You are resistant to acid. (rCorr) [Yellow
                  | Draconian growth]
  3484 | D:5      | Found a runed translucent gate.
  3484 | D:5      | Found a runed translucent gate.
  3484 | D:5      | Found a runed translucent gate.
  3484 | D:5      | Noticed kae's ghost (novice DrTm)
  3489 | D:5      | Found a basalt altar of Yredelemnul.
  3506 | D:5      | Reached skill level 2 in Ice Magic
  3632 | D:5      | Noticed Prince Ribbit
  3644 | D:5      | Noticed Edmund
  3649 | D:5      | Killed Prince Ribbit
  3650 | D:5      | Reached skill level 4 in Spellcasting
  3650 | D:5      | Reached skill level 3 in Ice Magic
  3788 | D:5      | Found a glowing golden altar of the Shining One.
  3790 | D:5      | Found a sparkling altar of Nemelex Xobeh.
  3797 | D:5      | Found a blossoming altar of Fedhas.
  3837 | D:5      | Reached skill level 5 in Unarmed Combat
  3837 | D:5      | Reached skill level 6 in Transmutations
  3837 | D:5      | Reached XP level 8. HP: 59/59 MP: 9/14
  4094 | D:5      | Noticed Grinder
  4104 | D:5      | Paralysed by Grinder for 2 turns
  4106 | D:5      | Killed Grinder
  4107 | D:5      | Reached skill level 4 in Ice Magic
  4273 | D:5      | Gained mutation: You cannot study or use magical devices.
                  | [Ru sacrifice]
  4273 | D:5      | Reached * piety under Ru
  4273 | D:5      | Reached ** piety under Ru
  4334 | D:5      | Killed Edmund
  4335 | D:5      | Reached skill level 7 in Transmutations
  4567 | D:5      | Reached skill level 5 in Ice Magic
  5082 | D:6      | Noticed Eustachio
  5093 | D:6      | Killed Eustachio
  5119 | D:6      | Reached XP level 9. HP: 64/64 MP: 16/16
  5326 | D:6      | Found a radiant altar of Vehumet.
  5544 | D:7      | Found a shimmering altar of Xom.
  5589 | D:7      | Reached skill level 5 in Spellcasting
  5751 | D:7      | Reached skill level 6 in Unarmed Combat
  5803 | D:7      | Reached skill level 6 in Ice Magic
  5939 | D:7      | Reached skill level 8 in Transmutations
  6424 | D:8      | Noticed a manticore
  6434 | D:8      | Killed a manticore
  6435 | D:8      | Reached skill level 9 in Transmutations
  6440 | D:8      | Found a burning altar of Makhleb.
  6475 | D:8      | Found a glowing silver altar of Zin.
  6475 | D:8      | Noticed an angel
  6475 | D:8      | Noticed an Executioner
  6807 | D:8      | Reached skill level 6 in Spellcasting
  6925 | D:8      | Reached skill level 7 in Unarmed Combat
  7127 | D:9      | Reached XP level 10. HP: 71/71 MP: 15/19
  7403 | D:9      | You fall into a shaft and drop 3 floors!
  7444 | D:12     | You pick up a book of Vapours and begin reading...
  7444 | D:12     | You add the spells Poisonous Vapours, Mephitic Cloud and
                  | Freezing Cloud to your library.
  7450 | D:12     | Noticed a gargoyle
  7468 | D:11     | Found a staircase to the Lair.
  7485 | D:11     | Noticed a centaur warrior
  7520 | D:11     | Killed a centaur warrior
  7521 | D:11     | Reached skill level 10 in Transmutations
  7709 | D:11     | Noticed a two-headed ogre
  7724 | D:10     | Entered Level 10 of the Dungeon
  7841 | D:10     | You pick up a book of the Moon and begin reading...
  7841 | D:10     | You add the spells Passage of Golubria, Silence and
                  | Lehudib's Crystal Spear to your library.
  7968 | D:10     | Found a staircase to the Orcish Mines.
  8011 | D:10     | Reached skill level 7 in Spellcasting
  8012 | D:10     | Reached skill level 8 in Unarmed Combat
  8260 | D:10     | Reached skill level 11 in Transmutations
  8740 | D:10     | HP: 14/85 [electric eel/bolt of electricity (10)]
  8743 | D:10     | Killed from afar by an electric eel

Vanquished Creatures
  A centaur warrior (D:11)
  A manticore (D:8)
  A komodo dragon (D:10)
  2 trolls
  Grinder (D:5)
  Prince Ribbit (D:5)
  Sigmund (D:5)
  2 wyverns
  Eustachio (D:6)
  8 yaks
  A steam dragon (D:8)
  Edmund (D:5)
  A water moccasin (D:8)
  8 orc warriors
  2 sky beasts
  An ice beast (D:5)
  2 ogres (D:5)
  A centaur (D:7)
  2 phantoms
  A kobold brigand (D:7)
  Blork the orc (D:4)
  A bullfrog (D:7)
  A gnoll sergeant (D:7)
  2 scorpions
  A water moccasin zombie (D:5)
  3 wights (D:7)
  3 killer bees (D:7)
  4 electric eels (D:10)
  2 howler monkeys (D:10)
  6 hounds
  6 orc priests
  2 jellies
  An iguana (D:4)
  9 orc wizards
  A howler monkey zombie (D:5)
  Robin (D:4)
  6 adders
  3 gnolls (D:7)
  A shadow imp (D:8)
  A white imp (D:5)
  2 ufetubi
  2 worms
  9 dart slugs
  33 orcs
  5 endoplasms
  5 giant cockroaches
  15 hobgoblins
  4 jackals (D:3)
  10 kobolds
  6 ball pythons
  4 bats
  A frilled lizard (D:1)
  17 goblins
  2 rats
209 creatures vanquished.

Table legend:
 A = Non-vault XP
 B = Vault XP
 C = Vault XP percentage of total XP
 D = Non-vault monster count
 E = Vault monster count
 F = Vault count percentage of total count
                 A         B        C        D         E       F
            +---------+---------+-------+---------+---------+-------
      Total |    8487 |    2153 |  20.2 |     166 |      43 |  20.6
            +---------+---------+-------+---------+---------+-------
        D:1 |      31 |       0 |   0.0 |      19 |       0 |   0.0
        D:2 |      46 |       0 |   0.0 |      17 |       0 |   0.0
        D:3 |      79 |       0 |   0.0 |      14 |       0 |   0.0
        D:4 |     262 |     161 |  38.1 |      17 |      21 |  55.3
        D:5 |     747 |    1079 |  59.1 |      16 |       6 |  27.3
        D:6 |     326 |     205 |  38.6 |      11 |       2 |  15.4
        D:7 |    1150 |       0 |   0.0 |      22 |       0 |   0.0
        D:8 |    1377 |       0 |   0.0 |      17 |       0 |   0.0
        D:9 |     461 |       0 |   0.0 |       5 |       0 |   0.0
       D:10 |    1766 |     708 |  28.6 |      16 |      14 |  46.7
       D:11 |    1863 |       0 |   0.0 |       6 |       0 |   0.0
       D:12 |     379 |       0 |   0.0 |       6 |       0 |   0.0
            +---------+---------+-------+---------+---------+-------

Skill      XL: |  1  2  3  4  5  6  7  8  9 10 |
---------------+-------------------------------+-----
Transmutations | 3 4 5 6 7 9 11 | 11.3
Poison Magic   | 2 |  2.0
Unarmed Combat | 4 5 7 8 |  8.4
Spellcasting   | 3 4 6 7 |  7.4
Ice Magic      | 1 3 5 6 |  6.0
Fighting       | |  1.1
Dodging        | |  1.7

Action                     |  1- 3 |  4- 6 |  7- 9 | 10-12 || total
---------------------------+-------+-------+-------+-------++-------
  Melee: Unarmed           |   124 |   128 |   266 |   135 ||   653
         Kick              |    19 |     5 |       |       ||    24
         Tailslap          |    11 |     3 |     6 |       ||    20
         Headbutt          |     5 |     4 |       |       ||     9
         Punch             |     3 |     1 |     2 |       ||     6
   Cast: Beastly Appendage |    23 |    10 |       |       ||    33
         Spider Form       |     1 |     7 |     5 |       ||    13
         Wereblood         |       |     3 |     6 |     7 ||    16
         Ice Form          |       |     1 |    27 |    12 ||    40
 Invoke: Sacrifice Artific |       |       |     1 |       ||     1
         Reject Sacrifices |       |       |     1 |       ||     1
Ability: Breathe Acid      |       |       |     6 |       ||     6
    Use: Scroll            |     4 |     9 |     9 |       ||    22
   Stab: Sleeping          |     1 |       |       |       ||     1
         Distracted        |       |       |     2 |       ||     2
         Invisible         |       |       |       |     1 ||     1
 Armour: Skin              |    41 |    41 |    79 |    63 ||   224
  Dodge: Dodged            |    93 |   109 |   142 |    47 ||   391

Illustrated notes

Table legend:
 A = Kills in this place as a percentage of kills in the entire game.
 B = Kills by you in this place as a percentage of kills by you in the entire game.
 C = Kills by friends in this place as a percentage of kills by friends in the entire game.
 D = Other kills in this place as a percentage of other kills in the entire game.
 E = Experience gained in this place as a percentage of experience gained in the entire game.
 F = Experience gained in this place divided by the number of levels of this place that you have seen.
                   A       B       C       D       E      F
               +-------+-------+-------+-------+-------+----------------------
         Total | 100.0 | 100.0 |   N/A |   N/A | 100.0 | 818.5
       Dungeon | 100.0 | 100.0 |   N/A |   N/A | 100.0 | 886.7
               +-------+-------+-------+-------+-------+----------------------

Table legend: (Time is in decaauts)
 A = Elapsed time spent in this place.
 B = Non-inter-level travel time spent in this place.
 C = Inter-level travel time spent in this place.
 D = Time resting spent in this place.
 E = Time spent auto-exploring this place.
 F = Levels seen in this place.
 G = Mean time per level.
                   A        B        C        D        E       F      G
               +--------+--------+--------+--------+--------+-----+--------+
         Total |   8690 |   8384 |    306 |    304 |   6382 |  13 |  668.5 |
       Dungeon |   8463 |   8204 |    259 |    304 |   6207 |  12 |  705.2 |
        Temple |    226 |    179 |     47 |      0 |    175 |   1 |  226.0 |
               +--------+--------+--------+--------+--------+-----+--------+

Top non-repeatable levels by time:
     D:5: 1451 daAuts
    D:10: 1007 daAuts
     D:3: 899 daAuts
     D:7: 837 daAuts
     D:4: 822 daAuts
     D:2: 743 daAuts
     D:8: 733 daAuts
     D:6: 694 daAuts
     D:1: 677 daAuts
     D:9: 281 daAuts
    D:11: 266 daAuts
  Temple: 226 daAuts
    D:12: 49 daAuts
